 Dungeon Crawl Stone Soup version 0.30.0 (webtiles) character file.

Game seed: 3329702207200256267

389 buriedalive the Conjurer (level 6, -18/32 HPs)
             Began as a Deep Elf Conjurer on May 5, 2023.
             Demolished by a two-headed ogre
             ... wielding a +0 giant club
              (27 damage)
             ... on level 4 of the Dungeon.
             The game lasted 00:06:04 (3851 turns).

buriedalive the Conjurer (Deep Elf Conjurer)        Turns: 3851, Time: 00:06:05

Health: -18/32     AC:  7    Str:  7    XL:     6   Next: 49%
Magic:  8/15       EV: 14    Int: 27    God:
Gold:   157        SH:  0    Dex: 13    Spells: 12/15 levels left

rFire   . . .        j - +5 trident of Lust {freeze, rC+ Str+3 Int+2}
rCold   + . .        (no shield)
rNeg    . . .        a - +0 robe
rPois   .            (no helmet)
rElec   .            (no cloak)
rCorr   .            p - +0 pair of gloves
SInv    .            (no boots)
Will    .....        (no amulet)
Stlth   ++           n - +4 ring of protection
HPRegen 0.25/turn    (no ring)
MPRegen 0.14/turn

%: no passive effects
@: no status effects
A: no striking features
a: no special abilities


You were on level 4 of the Dungeon.
You visited 1 branch of the dungeon, and saw 4 of its levels.

You collected 222 gold pieces.
You spent 65 gold pieces at shops.

Inventory:

Hand Weapons
 d - a +0 whip
 j - the +5 trident of Lust (weapon) {freeze, rC+ Str+3 Int+2}
   (You found it on level 3 of the Dungeon)

   Str:       It affects your strength (+3).
   Int:       It affects your intelligence (+2).
   rC:        It protects you from cold.
 l - the +5 falchion "Zomohy" {freeze, rPois rC+ Str+3}
   (You found it on level 4 of the Dungeon)

   Str:       It affects your strength (+3).
   rC:        It protects you from cold.
   rPois:     It protects you from poison.
Missiles
 e - 51 stones
Armour
 a - a +0 robe (worn)
 p - a +0 pair of gloves (worn)
Jewellery
 n - a +4 ring of protection (left hand)
Scrolls
 c - a scroll of torment
 h - 3 scrolls of magic mapping {unknown}
 m - 2 scrolls of vulnerability
 o - a scroll of summoning {unknown}
 r - a scroll of immolation {unknown}
Potions
 b - a potion of magic
 f - 2 potions of flight {unknown}
 g - a potion of resistance {unknown}
 i - a potion of attraction {unknown}
 k - a potion of brilliance {unknown}


   Skills:
 + Level 5.6 Dodging
 - Level 2.4 Stealth
 - Level 5.0 Spellcasting
 + Level 6.4 Conjurations


You had 12 spell levels left.
You knew the following spells:

 Your Spells              Type           Power      Damage    Failure   Level
a - Magic Dart            Conj           100%       1d8       1%          1
b - Searing Ray           Conj           82%        2d7       1%          2

Your spell library contained the following spells:

 Spells                   Type           Power      Damage    Failure   Level
 Dazzling Flash           Conj/Hex       48%        N/A       6%          3
 Fulminant Prism          Conj/Hex       12%        3d8       19%         4
 Iskenderun's Mystic Bla  Conj/Tloc      24%        2d7       19%         4


Dungeon Overview and Level Annotations

Branches:
Dungeon (4/15)
 Temple: D:4-7

Altars:
Cheibriados
Dithmenos
Gozag
Hepliaklqana
Okawaru

Shops:
D:4 *


Message History

* * * LOW HITPOINT WARNING * * *
The adder barely misses you. The adder bites you but does no damage.
The two-headed ogre barely misses you. The two-headed ogre closely misses you.
The adder attacks as you move away! The adder bites you but does no damage.
The adder barely misses you.
You feel much better.
Casting: Searing Ray (safe; 1% risk of failure)
Confirm with . or Enter, or press ? or * to list all spells.
Aiming: Searing Ray (safe; 1% risk of failure)
Press: ? - help, Shift-Dir - straight line, f - two-headed ogre
Aim: a two-headed ogre, wielding two +0 giant clubs (91% to hit)
The searing ray hits the two-headed ogre!
The two-headed ogre is lightly wounded.
The searing ray hits the adder!
You kill the adder! (Press . to maintain the ray.)
The searing ray hits the two-headed ogre!
The two-headed ogre is moderately wounded.
The two-headed ogre hits you with a +0 giant club!!
Ouch! That really hurt!
* * * LOW HITPOINT WARNING * * *
The two-headed ogre barely misses you.
The searing ray hits the two-headed ogre!
The two-headed ogre is heavily wounded.
The two-headed ogre hits you but does no damage.
The two-headed ogre closely misses you.
The searing ray hits the two-headed ogre!
The two-headed ogre is heavily wounded.
You finish channelling your searing ray.
Casting: Searing Ray (safe; 1% risk of failure)
Confirm with . or Enter, or press ? or * to list all spells.
Aiming: Searing Ray (safe; 1% risk of failure)
Press: ? - help, Shift-Dir - straight line, f/p - two-headed ogre
Aim: a two-headed ogre, wielding two +0 giant clubs (heavily wounded, 91% to hit)
The searing ray hits the two-headed ogre!
The two-headed ogre is severely wounded. (Press . to maintain the ray.)
The two-headed ogre hits you with a +0 giant club!!
Ouch! That really hurt!
You die...

#####...####.......##......##.._.
###........####.........#...)
########...<#..............
####.............###
######.............#.
##.............>......
#..#####...........###
##.######..........##
###...†O@######......#
#...w#####≈~≈≈#.>....# ####.#
#~≈~≈#......# #
#.........+≈~≈~'.....)####
#..........#~≈~≈#...).)....
~..^...w....#≈~≈≈#....###≈>.
≈~........?.######.......≈..
~............. ####....≈..
≈.............. #..~.≈..


You could see a two-headed ogre and a worm.

Vanquished Creatures
  A black bear (D:4)
  3 jellies (D:4)
  A hound (D:4)
  An orc wizard (D:4)
  6 adders
  A worm (D:2)
  3 dart slugs (D:1)
  2 orcs (D:4)
  12 ball pythons
  8 bats
  8 endoplasms
  4 giant cockroaches
  7 goblins
  5 hobgoblins
  4 jackals (D:2)
  5 quokkas
  5 frilled lizards
  7 kobolds
  11 rats
94 creatures vanquished.

Notes
Turn   | Place    | Note
-------+----------+-------------------------------------------
     0 | D:1      | buriedalive the Deep Elf Conjurer began the quest for the
                  | Orb.
     0 | D:1      | Reached XP level 1. HP: 10/10 MP: 6/6
   197 | D:1      | Reached XP level 2. HP: 15/15 MP: 6/8
   219 | D:1      | You fall into a shaft and drop 1 floor!
   290 | D:2      | Learned a level 2 spell: Searing Ray
   481 | D:2      | Reached XP level 3. HP: 19/19 MP: 6/10
   730 | D:1      | Reached skill level 5 in Conjurations
   928 | D:1      | Reached XP level 4. HP: 24/24 MP: 1/12
  2112 | D:3      | Identified the +5 trident of Lust {freeze, rC+ Str+3 Int+2}
  2386 | D:3      | Found a shadowy altar of Dithmenos.
  2406 | D:3      | Found a hazy altar of Hepliaklqana.
  2593 | D:3      | Found a faded altar of an unknown god.
  2945 | D:4      | Found an iron altar of Okawaru.
  2957 | D:4      | Identified the +5 falchion "Zomohy" {freeze, rPois rC+
                  | Str+3}
  2966 | D:4      | Reached XP level 5. HP: 28/28 MP: 7/14
  3042 | D:4      | Reached skill level 5 in Spellcasting
  3176 | D:4      | Found Ojopocascho's General Store.
  3225 | D:4      | Bought a potion of heal wounds for 65 gold pieces
  3292 | D:4      | Found a snail-covered altar of Cheibriados.
  3364 | D:4      | Noticed a black bear
  3370 | D:4      | Killed a black bear
  3371 | D:4      | Reached skill level 5 in Dodging
  3371 | D:4      | Reached skill level 6 in Conjurations
  3371 | D:4      | Reached XP level 6. HP: 24/32 MP: 6/15
  3655 | D:4      | Found an opulent altar of Gozag.
  3837 | D:4      | Noticed a two-headed ogre
  3851 | D:4      | Demolished by a two-headed ogre

Illustrated notes

Levels and vault maps discovered:
D:1:      saegor_arrival_simple_e, layout_basic, minivault_4
D:2:      layout_rooms
D:3:      layout_rooms, mainiacjoe_overflow_paths,
          nicolae_dithmenos_through_a_glass_darkly,
          shapermc_ecumenical_altar_mp_ritualfount,
          corexii_item_surrounded_by_moat, kennysheep_cluttered_room
D:4:      layout_rooms, lemuel_doored_altar, okawaru_ov_weapons_minmay,
          lemuel_round_altar, serial_rivers, chequers_serial_rivers_room_b,
          chequers_serial_rivers_micro_e, chequers_serial_rivers_micro_e,
          chequers_serial_rivers_micro_a, chequers_serial_rivers_small_b,
          chequers_serial_rivers_small_a, serial_shops, nicolae_shop_stone,
          nrook_uturn

Skill      XL: |  1  2  3  4  5 |
---------------+----------------+-----
Dodging        | 3 4 5 |  5.6
Spellcasting   | 4 5 |  5.0
Conjurations   | 5 6 |  6.4
Stealth        | |  2.4

Action                     |  1- 3 |  4- 6 || total
---------------------------+-------+-------++-------
  Melee: Whip              |    18 |    24 ||    42
         Trident           |       |    23 ||    23
   Cast: Magic Dart        |    39 |    13 ||    52
         Searing Ray       |     8 |    22 ||    30
    Use: Scroll            |       |     4 ||     4
         Potion            |       |     1 ||     1
   Stab: Sleeping          |       |     8 ||     8
 Armour: Robe              |    12 |    13 ||    25
  Dodge: Dodged            |    30 |    37 ||    67
